 Dungeon Crawl Stone Soup version 0.27-a0-660-g90476cec82 (webtiles) character file.

Game seed: 10173507325818488526

36087 kiwi3s the Severer (level 13, -1/123 HPs)
             Began as a Minotaur Berserker on Mar 17, 2021.
             Was a High Priest of Trog.
             Slain by a 13-headed hydra (12 damage)
             ... on level 15 of the Dungeon.
             The game lasted 00:22:00 (20302 turns).

kiwi3s the Severer (Minotaur Berserker)            Turns: 20302, Time: 00:22:02

Health: -1/123     AC: 19    Str: 26    XL:     13   Next: 51%
Magic:  12/12      EV: 14    Int:  4    God:    Trog [*****.]
Gold:   189        SH:  5    Dex: 23    Spells: 12/12 levels left

rFire    . . .     SeeInvis .   K - +3 hand axe
rCold    + . .     Faith    .   (no shield)
rNeg     . . .     Spirit   .   j - +1 chain mail {rC+}
rPois    .         Reflect  +   (helmet restricted)
rElec    .         Harm     .   m - +0 cloak
rCorr    .         Rampage  .   y - +1 pair of gloves
Will     .....                  A - +0 pair of boots {Fly}
Stlth    ..........             q - amulet of reflection
HPRegen  0.30/turn              R - +6 ring of dexterity
MPRegen  0.13/turn              G - +6 ring of dexterity

@: flying
A: horns 2, retaliatory headbutt
a: Stop Flying, Renounce Religion, Berserk, Trog's Hand, Brothers in Arms


You were on level 15 of the Dungeon.
You worshipped Trog.
Trog was extremely pleased with you.
You visited 1 branch of the dungeon, and saw 15 of its levels.

You collected 997 gold pieces.
You spent 808 gold pieces at shops.

Inventory:

Hand Weapons
 a - a +0 hand axe
 K - a +3 hand axe (weapon)
Missiles
 F - 2 throwing nets
Armour
 j - a +1 chain mail of cold resistance (worn)
 m - a +0 cloak (worn)
 y - a +1 pair of gloves (worn)
 A - a +0 pair of boots of flying (worn)
 O - a +3 scale mail of fire resistance
Jewellery
 b - a +6 ring of intelligence
 c - an amulet of the acrobat
 k - an amulet of magic regeneration
 p - a ring of see invisible
 q - an amulet of reflection (around neck)
 v - an amulet of guardian spirit
 G - a +6 ring of dexterity (left hand)
 J - a ring of protection from fire
 R - a +6 ring of dexterity (right hand)
Wands
 w - a wand of digging (11)
 x - a wand of paralysis (6)
 L - a wand of random effects (19)
 N - a wand of flame (19)
 P - a wand of iceblast (6)
 Q - a wand of acid (6)
Scrolls
 d - 3 scrolls of teleportation
 e - 4 scrolls of enchant weapon {unknown}
 h - 3 scrolls of identify
 i - 3 scrolls of amnesia {unknown}
 l - 6 scrolls of blinking {unknown}
 n - 2 scrolls of fog {unknown}
 s - a scroll of immolation {unknown}
 t - 2 scrolls of noise {unknown}
 B - 5 scrolls of magic mapping {unknown}
 H - 2 scrolls of random uselessness {unknown}
 M - a scroll of holy word {unknown}
Potions
 f - 5 potions of lignification
 g - 4 potions of might
 o - 3 potions of haste
 r - a potion of berserk rage
 u - 2 potions of ambrosia
 z - a potion of flight
 C - 5 potions of curing
 D - a potion of magic
 E - a potion of attraction
 I - a potion of heal wounds


   Skills:
 + Level 13.9 Fighting
 - Level 17.7 Axes
 + Level 13.7 Armour
 + Level 7.1 Dodging


You had 12 spell levels left.
You didn't know any spells.
Your spell library was empty.

Dungeon Overview and Level Annotations

Branches:
Dungeon (15/15)            Temple (0/1) D:7            Lair (0/6) D:8
    Orc (0/2) D:11         Vaults (0/5) D:13
 Depths: D:15

Altars:
Cheibriados
Dithmenos
Elyvilon
Hepliaklqana
Kikubaaqudgha
Nemelex Xobeh
Okawaru
Qazlal
Uskayaw
Vehumet
Xom
Yredelemnul
The Shining One

Shops:
D:7 [   D:9 *   D:13 =


Innate Abilities, Weirdness & Mutations

You have a pair of horns on your head.
You reflexively headbutt those who attack you in melee.


Message History

The 11-headed hydra is severely wounded.
You block the 11-headed hydra's attack.
The 11-headed hydra bites you but does no damage.
The 11-headed hydra misses you. The 11-headed hydra closely misses you.
The 11-headed hydra bites you but does no damage.
The 11-headed hydra closely misses you. The 11-headed hydra bites you!
The 11-headed hydra bites you but does no damage.
The 11-headed hydra closely misses you. x2; The 11-headed hydra bites you.
You are too injured to fight recklessly!
You lop one of the 11-headed hydra's heads off!
The ten-headed hydra grows two more!
You slash the 12-headed hydra!
The 12-headed hydra is severely wounded.
The 12-headed hydra closely misses you. You furiously retaliate!
You headbutt the 12-headed hydra!
The 12-headed hydra bites you but does no damage. x3
The 12-headed hydra bites you.
The 12-headed hydra bites you but does no damage.
The 12-headed hydra completely misses you.
The 12-headed hydra barely misses you. The 12-headed hydra bites you. x2
The 12-headed hydra barely misses you. The 12-headed hydra bites you!
* * * LOW HITPOINT WARNING * * *
You are too injured to fight recklessly!
You barely miss the 12-headed hydra.
Your headbutt misses the 12-headed hydra.
The 12-headed hydra is almost dead.
Unknown command.
You are too injured to fight recklessly!
You hack one of the 12-headed hydra's heads off!
The 11-headed hydra grows two more!
You hit the 13-headed hydra. You headbutt the 13-headed hydra!
The 13-headed hydra is almost dead.
The 13-headed hydra bites you but does no damage.
The 13-headed hydra closely misses you.
The 13-headed hydra bites you but does no damage.
The 13-headed hydra bites you.
* * * LOW HITPOINT WARNING * * *
The 13-headed hydra bites you!
* * * LOW HITPOINT WARNING * * *
The 13-headed hydra bites you!
You die...

#......#..# #.....#
#......#..# #.....#
#......#..###.....#
#.
#......#..).......###
..
#......#.............
..
#.######.............
####.# #####.........
.....# #.......$.
.....# #.@.......
.....# #.D.......
.....# #.........
###### #.....#...
#.....#... #...... ..
#....... #........


You could see a 13-headed hydra.

Vanquished Creatures
  Rupert (D:14)
  Josephine (D:12)
  Harold (D:10)
  2 hydras
  An ogre mage (D:12)
  3 centaur warriors
  2 boulder beetles
  2 dancing weapons (D:13)
  A tengu warrior (D:14)
  7 two-headed ogres
  3 unseen horrors
  3 skeletal warriors (D:12)
  Pikel (D:7)
  8 ugly things
  A cyclops (D:14)
  A komodo dragon (D:15)
  A kobold demonologist (D:13)
  A tengu conjurer (D:10)
  A merfolk (D:10)
  4 trolls
  Grinder (D:5)
  A shadow (D:10)
  9 wraiths
  A wyvern (D:8)
  11 yaks
  Menkaure (D:5)
  3 vampire mosquitoes (D:15)
  A soldier ant (D:12)
  A water moccasin (D:8)
  13 orc warriors
  3 ice beasts
  3 necrophages
  2 sky beasts
  3 black bears
  9 ogres
  A lemure (D:7)
  17 centaurs
  A phantom (D:6)
  2 kobold brigands
  8 bullfrogs
  2 wyvern skeletons
  10 scorpions
  12 killer bees
  13 wights
  5 howler monkeys
  A lava snake (D:10)
  2 centaur zombies
  A bullfrog zombie (D:6)
  3 jellies
  6 orc priests
  A bullfrog skeleton (D:11)
  A gnoll shaman (D:10)
  3 hounds
  4 iguanas
  10 orc wizards
  Ijyb (D:5)
  15 worker ants
  A killer bee zombie (D:7)
  3 hound zombies
  A hound skeleton (D:5)
  3 gnolls (D:10)
  15 adders
  A howler monkey skeleton (D:6)
  2 shadow imps
  3 white imps
  An ufetubus (D:10)
  2 oozes (D:2)
  3 adder skeletons
  3 worms
  3 dart slugs (D:1)
  8 leopard geckos
  52 orcs
  7 bats
  4 giant cockroaches
  5 goblins
  7 hobgoblins
  15 jackals
  3 quokkas
  A ball python (D:3)
  6 frilled lizards
  A jackal zombie (D:6)
  21 kobolds
  7 rats
404 creatures vanquished.

Vanquished Creatures (collateral kills)
  2 wraiths (D:12)
2 creatures vanquished.

Vanquished Creatures (others)
  A skeletal warrior (D:12)
  An unseen horror (D:14)
  A vampire (D:14)
  A water elemental (D:14)
  2 electric eels (D:14)
  2 human simulacra (D:12)
  16 fungi (D:8)
  19 plants (D:8)
43 creatures vanquished.

Grand Total: 449 creatures vanquished

Notes
Turn   | Place    | Note
-------+----------+-------------------------------------------
     0 | D:1      | kiwi3s the Minotaur Berserker began the quest for the Orb.
     0 | D:1      | Reached XP level 1. HP: 19/19 MP: 0/0
   216 | D:1      | Reached skill level 4 in Axes
   331 | D:1      | Reached XP level 2. HP: 26/26 MP: 1/1
   930 | D:1      | Reached skill level 5 in Axes
  1138 | D:1      | Reached XP level 3. HP: 15/31 MP: 2/2
  2142 | D:2      | Reached ** piety under Trog
  2143 | D:2      | Reached XP level 4. HP: 36/39 MP: 3/3
  2153 | D:2      | Reached skill level 6 in Axes
  3155 | D:3      | Reached skill level 7 in Axes
  3155 | D:3      | Reached XP level 5. HP: 41/45 MP: 4/4
  3210 | D:3      | Found a stormy altar of Qazlal.
  3740 | D:3      | Found an iron altar of Okawaru.
  4130 | D:4      | Found a snail-covered altar of Cheibriados.
  4311 | D:4      | Reached skill level 8 in Axes
  4424 | D:4      | Found a hazy altar of Hepliaklqana.
  4570 | D:5      | Entered Level 5 of the Dungeon
  4576 | D:5      | Noticed an ogre
  4578 | D:5      | Reached *** piety under Trog
  4586 | D:5      | Reached XP level 6. HP: 49/51 MP: 5/5
  4706 | D:5      | Noticed Ijyb
  4715 | D:5      | Reached skill level 9 in Axes
  4728 | D:5      | Killed Ijyb
  4833 | D:5      | Noticed Menkaure
  4837 | D:5      | Noticed Grinder
  4842 | D:5      | Killed Menkaure
  4843 | D:5      | Reached skill level 10 in Axes
  4843 | D:5      | Reached XP level 7. HP: 57/57 MP: 6/6
  5140 | D:5      | Killed Grinder
  5277 | D:5      | Reached skill level 11 in Axes
  5291 | D:5      | Reached XP level 8. HP: 35/64 MP: 7/7
  5797 | D:6      | Reached skill level 12 in Axes
  6257 | D:6      | Found a hide-covered altar of Uskayaw.
  6342 | D:6      | Reached skill level 13 in Axes
  6346 | D:6      | Reached **** piety under Trog
  6472 | D:6      | Reached XP level 9. HP: 70/70 MP: 8/8
  6474 | D:6      | Found a radiant altar of Vehumet.
  6498 | D:6      | Found an ancient bone altar of Kikubaaqudgha.
  6678 | D:7      | Found a shimmering altar of Xom.
  6767 | D:7      | Found a staircase to the Ecumenical Temple.
  6769 | D:7      | Noticed Pikel
  6789 | D:7      | Killed Pikel
  6790 | D:7      | Reached skill level 5 in Fighting
  7139 | D:7      | Found Geelarr's Armour Boutique.
  7147 | D:7      | Bought a +1 pair of gloves for 149 gold pieces
  7147 | D:7      | Bought a +0 pair of boots of flying for 149 gold pieces
  7224 | D:7      | Reached skill level 5 in Armour
  7427 | D:7      | Found a white marble altar of Elyvilon.
  7509 | D:7      | You are sucked into a shaft and drop 2 floors!
  7530 | D:9      | Found Gypacrax's Assorted Antiques.
  7588 | D:9      | Found a shadowy altar of Dithmenos.
  8079 | D:9      | Noticed a two-headed ogre
  8089 | D:9      | Killed a two-headed ogre
  8144 | D:9      | Found a glowing golden altar of the Shining One.
  8156 | D:9      | Found a basalt altar of Yredelemnul.
  8158 | D:9      | Noticed a profane servitor
  8311 | D:9      | Noticed an angel
  8325 | D:10     | Entered Level 10 of the Dungeon
  8553 | D:10     | Reached XP level 10. HP: 62/88 MP: 9/9
  8678 | D:10     | Noticed Harold
  8691 | D:10     | Killed Harold
  8805 | D:10     | Reached ***** piety under Trog
  9205 | D:8      | Noticed a two-headed ogre
  9215 | D:8      | Killed a two-headed ogre
  9216 | D:8      | Reached skill level 10 in Fighting
  9244 | D:8      | Reached skill level 10 in Armour
  9525 | D:8      | Noticed a two-headed ogre
  9538 | D:8      | Killed a two-headed ogre
  9543 | D:8      | Reached XP level 11. HP: 59/101 MP: 10/10
  9936 | D:8      | Found a staircase to the Lair.
  9985 | D:8      | Found a sparkling altar of Nemelex Xobeh.
 10022 | D:8      | Identified the +3 mace of Suniz {vorpal, +Inv rPois rF+
                  | Str+4 Dex+4}
 11641 | D:10     | Noticed a purple ugly thing
 11655 | D:10     | Killed a purple ugly thing
 12150 | D:11     | Noticed an unseen horror
 12173 | D:11     | Killed an unseen horror
 12340 | D:11     | Received a gift from Trog
 12360 | D:11     | Noticed a cyan ugly thing
 12523 | D:11     | Killed a cyan ugly thing
 12524 | D:11     | Reached skill level 14 in Axes
 12884 | D:11     | Noticed an unseen horror
 12891 | D:11     | Killed an unseen horror
 13389 | D:11     | Found a staircase to the Orcish Mines.
 13966 | D:11     | Found a portal to a secret trove of treasure.
 14141 | D:12     | Reached skill level 15 in Axes
 14321 | D:12     | Noticed Josephine
 14337 | D:12     | Killed Josephine
 14340 | D:12     | HP: 4/156 [wraith[Josephine] (5)]
 14414 | D:12     | Killed a skeletal warrior
 14820 | D:12     | Noticed a two-headed ogre
 14820 | D:12     | Noticed an ogre mage
 14820 | D:12     | Noticed a two-headed ogre
 14822 | D:12     | Noticed a two-headed ogre
 14824 | D:12     | Noticed a two-headed ogre
 14828 | D:12     | Killed a two-headed ogre
 14829 | D:12     | Reached XP level 12. HP: 112/112 MP: 11/11
 14832 | D:12     | Killed a two-headed ogre
 14833 | D:12     | Reached skill level 16 in Axes
 14840 | D:12     | Killed a two-headed ogre
 14843 | D:12     | Killed an ogre mage
 14847 | D:12     | Killed a two-headed ogre
 15160 | D:12     | Reached skill level 17 in Axes
 15923 | D:13     | Received a gift from Trog
 16263 | D:13     | Noticed a boulder beetle
 16285 | D:13     | Killed a boulder beetle
 16891 | D:13     | Noticed a five-headed hydra
 16904 | D:13     | Killed a 13-headed hydra
 17010 | D:13     | Found a gate to the Vaults.
 17272 | D:13     | Found Komam's Jewellery Shoppe.
 17323 | D:13     | Bought an amulet of reflection for 510 gold pieces
 17562 | D:13     | Identified the +0 plate armour of Autumn {rF+ Will+ Stlth+}
 17587 | D:13     | Noticed a centaur warrior
 17599 | D:13     | Killed a centaur warrior
 17604 | D:13     | Reached XP level 13. HP: 98/122 MP: 12/12
 17847 | D:14     | Reached skill level 5 in Dodging
 19012 | D:14     | Noticed Rupert
 19096 | D:14     | Killed Rupert
 19437 | D:15     | Entered Level 15 of the Dungeon
 20302 | D:15     | Slain by a 13-headed hydra

Illustrated notes

Levels and vault maps discovered:
D:1:      denvon_arrival_hothouse, layout_basic, minmay_tetromino_t2
D:2:      layout_basic
D:3:      layout_rooms, nicolae_qazlal_eye_of_the_storm,
          overflow_temple_1_default, chequers_serial_rivers_small_3,
          hangedman_abyss_or_decor_lesser_grid
D:4:      layout_cave_pools, cheibriados_altar_1,
          nicolae_hepliaklqana_hippocampus
D:5:      layout_rooms, uniq_ijyb, uniq_grinder, uniq_menkaure
D:6:      layout_rooms, nicolae_uskayaw_suspiria,
          nicolae_overflow_crystal_walls, marbit_many_paths,
          grunt_decor_junction
D:7:      layout_loops_ring, overflow_temple_1_default,
          minmay_temple_entry_mini_moons, serial_shops, shop, elyvilon_altar_3,
          uniq_pikel
D:8:      layout_loops_ring, kennysheep_mini, grunt_lair_entry_orc_guard_hut,
          minmay_misc_feat_enclosed
D:9:      layout_irregular_city, grunt_temple_overflow_holy_war,
          grunt_dithmenos_shadows, serial_shops, nicolae_shop_trees
D:10:     minmay_diamond_stairs, layout_gridville, kennysheep_big_empty_room,
          st_stairs_13, hangedman_fish_farm, uniq_harold
D:11:     layout_loops_ring, david_orc_4, nicolae_trove_entry_columns
D:12:     layout_roguey, bh_circular_ruins, uniq_josephine
D:13:     layout_small_grid, erik_vaults_1, serial_shops, shop
D:14:     layout_gridville, enter_bailey_8, lemuel_freeze_loot_1, uniq_rupert
D:15:     gammafunk_enter_depths_forms, layout_stronghold, solitary_fountain

Skill      XL: |  1  2  3  4  5  6  7  8  9 10 11 12 13 |
---------------+----------------------------------------+-----
Axes           | 4 5 7 8 10 11 13 15 17 | 17.7
Fighting       | 7 10 12 13 | 13.9
Armour         | 7 10 12 13 | 13.7
Dodging        | 4 7 |  7.1

Action                   |  1- 3 |  4- 6 |  7- 9 | 10-12 | 13-15 || total
-------------------------+-------+-------+-------+-------+-------++-------
Melee: Hand axe          |    82 |   149 |   306 |   712 |   162 ||  1411
       Headbutt          |     6 |    22 |    57 |   172 |    59 ||   316
Invok: Berserk           |     1 |     3 |     3 |    14 |     6 ||    27
       Trog's Hand       |       |       |     1 |       |     1 ||     2
       Brothers in Arms  |       |       |       |     2 |     1 ||     3
  Use: Scroll            |       |       |       |    10 |     2 ||    12
       Potion            |       |       |       |     1 |     1 ||     2
Armor: Animal skin       |    10 |     1 |       |       |       ||    11
       Chain mail        |       |    92 |   100 |   330 |   104 ||   626
Dodge: Dodged            |    40 |    72 |   111 |   344 |    92 ||   659
Block: Other             |       |       |       |    13 |    41 ||    54
       Reflection        |       |       |       |       |    10 ||    10

Table legend: (Time is in decaauts)
 A = Elapsed time spent in this place.
 B = Non-inter-level travel time spent in this place.
 C = Inter-level travel time spent in this place.
 D = Time resting spent in this place.
 E = Time spent auto-exploring this place.
 F = Levels seen in this place.
 G = Mean time per level.
                   A        B        C        D        E       F      G
               +--------+--------+--------+--------+--------+-----+--------+
         Total |  20122 |  19371 |    751 |   6906 |  10386 |  15 | 1341.5 |
       Dungeon |  20122 |  19371 |    751 |   6906 |  10386 |  15 | 1341.5 |
               +--------+--------+--------+--------+--------+-----+--------+

Top non-repeatable levels by time:
    D:10: 2372 daAuts
    D:13: 1845 daAuts
    D:12: 1783 daAuts
     D:1: 1720 daAuts
    D:14: 1671 daAuts
     D:2: 1643 daAuts
    D:11: 1614 daAuts
     D:8: 1260 daAuts
     D:9: 1249 daAuts
     D:5: 945 daAuts
     D:4: 879 daAuts
     D:6: 858 daAuts
    D:15: 844 daAuts
     D:7: 811 daAuts
     D:3: 621 daAuts
